 Dungeon Crawl Stone Soup version 0.22.1-6-g1668fe2 (webtiles) character file.

120 dvd the Bolt Thrower (level 5, -6/31 HPs)
             Began as a Kobold Hunter on Jan 29, 2019.
             Shot with an arrow by a centaur (9 damage)
             ... on level 3 of the Dungeon.
             The game lasted 00:04:09 (1639 turns).

dvd the Bolt Thrower (Kobold Hunter)                Turns: 1639, Time: 00:04:10

Health: -6/31      AC:  3    Str: 11    XL:     5   Next: 25%
Magic:  5/5        EV: 15    Int: 12    God:
Gold:   161        SH:  0    Dex: 15    Spells: 4/4 levels left

rFire    . . .     SeeInvis .   a - +1 hand crossbow
rCold    . . .     Gourm    .   (shield restricted)
rNeg     . . .     Faith    .   c - +0 leather armour
rPois    .         Spirit   .   (no helmet)
rElec    .         Reflect  .   (no cloak)
rCorr    .         Harm     .   (no gloves)
MR       .....                  (no boots)
Stlth    ++........             (no amulet)
HPRegen  0.10/turn              (no ring)
MPRegen  0.09/turn              (no ring)

@: no status effects
A: small, carnivore
a: no special abilities


You were on level 3 of the Dungeon.
You were completely stuffed.

You visited 1 branch of the dungeon, and saw 3 of its levels.

You collected 161 gold pieces.

Inventory:

Hand Weapons
 a - a +1 hand crossbow (weapon)
 b - a +0 short sword
 l - a +1 vampiric dagger
Missiles
 d - 13 bolts (quivered)
Armour
 c - a +0 leather armour (worn)
 e - a +0 ring mail
Scrolls
 h - 4 scrolls of amnesia {unknown}
 i - 2 scrolls of random uselessness {unknown}
 j - a scroll of fear {unknown}
 k - 2 scrolls of identify {unknown}
 m - 3 scrolls of remove curse {unknown}
 n - 2 scrolls of teleportation {unknown}
Potions
 g - 2 potions of haste {unknown}
Comestibles
 f - 2 rations
 o - a chunk of flesh


   Skills:
 + Level 2.4 Fighting
 + Level 1.0 Short Blades
 + Level 6.3 Crossbows
 + Level 1.1 Armour
 + Level 3.5 Dodging
 + Level 1.6 Stealth


You had 4 spell levels left.
You didn't know any spells.
Your spell library was empty.

Dungeon Overview and Level Annotations

Branches:
Dungeon (3/15)

Altars:


Innate Abilities, Weirdness & Mutations

You are small and have problems with some larger weapons.
You are carnivorous and can eat meat at any time.


Message History

The arrow closely misses you.
Firing (i - inventory)
d - 15 bolts (quivered)
Press: ? - help, Shift-Dir - straight line, f/p - centaur
Aim: a centaur, wielding an enchanted shortbow (moderately wounded)
You shoot a bolt. The bolt barely misses the centaur.
The centaur shoots an arrow.
The arrow barely misses you.
Firing (i - inventory)
d - 14 bolts (quivered)
Press: ? - help, Shift-Dir - straight line, f/p - centaur
Aim: a centaur, wielding an enchanted shortbow (moderately wounded)
You shoot a bolt. The bolt hits the centaur.
The centaur is moderately wounded.
The centaur shoots an arrow.
The arrow barely misses you.
The centaur shoots an arrow.
The arrow hits you!
You see here an arrow.
The centaur shoots an arrow.
The arrow hits you!
* * * LOW HITPOINT WARNING * * *
There is a stone staircase leading up here.
You see here an arrow.
The centaur shoots an arrow.
The arrow hits you!
You die...

#.#
#.##.#......#.#.........
#.#
#.......................
#.#
####.#.##.###.#.........
#.#.#######.#.##.#
#.#.........
#...(...#.#.##.#
#.#.#######
....$.####.#.#.##.#
#.#.# ..... #.#.#.##.#
#.#.# .... #.c..(.#.#
#.#.# ... #.....@#.#
#.#.# ###### ((
#......#.# #.#.# #.....
. #........# #.#.#
#..... ###......###
#.#.# #.....
#######........# #.#.#
#..... #..............#
#.#.# #.....
#...........(..# #.#.#
#..... #.........#.#'##
#.#.# ###'##
#.........#.#.######.#.#
#.##


You could see a centaur.

Vanquished Creatures
  5 gnolls
  2 adders
  2 oozes (D:3)
  2 dart slugs (D:1)
  2 leopard geckos
  A giant cockroach (D:1)
  4 goblins
  4 hobgoblins
  2 jackals (D:1)
  A quokka (D:3)
  9 bats
  A frilled lizard (D:3)
  5 kobolds
  A rat (D:2)
41 creatures vanquished.

Notes
Turn   | Place    | Note
-------+----------+-------------------------------------------
     0 | D:1      | dvd the Kobold Hunter began the quest for the Orb.
     0 | D:1      | Reached XP level 1. HP: 12/12 MP: 1/1
     2 | D:1      | Noticed a demonspawn
     2 | D:1      | Noticed a demigod
     4 | D:1      | Noticed a spriggan
     4 | D:1      | Noticed a naga
     6 | D:1      | Noticed a draconian
     8 | D:1      | Noticed a ghoul
    10 | D:1      | Noticed a vampire
    10 | D:1      | Noticed a centaur
    12 | D:1      | Noticed a vine stalker
    12 | D:1      | Noticed a merfolk
    14 | D:1      | Noticed a dwarf
    14 | D:1      | Noticed an octopode
    17 | D:1      | Noticed an ogre
    17 | D:1      | Noticed a gargoyle
    21 | D:1      | Noticed a formicid
    21 | D:1      | Noticed a felid
    23 | D:1      | Noticed an elf
    23 | D:1      | Noticed a troll
    25 | D:1      | Noticed a halfling
    27 | D:1      | Noticed a minotaur
    29 | D:1      | Noticed a human
    29 | D:1      | Noticed a tengu
    39 | D:1      | Reached skill level 5 in Crossbows
    56 | D:1      | Reached XP level 2. HP: 15/17 MP: 2/2
   457 | D:1      | Reached XP level 3. HP: 21/21 MP: 3/3
   834 | D:2      | Reached XP level 4. HP: 22/26 MP: 4/4
  1162 | D:3      | Reached skill level 6 in Crossbows
  1372 | D:3      | Reached skill level 1 in Armour
  1372 | D:3      | Reached XP level 5. HP: 31/31 MP: 5/5
  1452 | D:3      | Reached skill level 1 in Short Blades
  1624 | D:3      | Noticed a centaur
  1639 | D:3      | Shot with an arrow by a centaur

Skill      XL: |  1  2  3  4  5 |
---------------+----------------+-----
Crossbows      | 5 6 |  6.3
Dodging        | 3 |  3.5
Armour         | 1 |  1.1
Short Blades   | 1 |  1.0
Fighting       | |  2.4
Stealth        | |  1.6

Action                   |  1- 3 |  4- 6 || total
-------------------------+-------+-------++-------
Melee: Short sword       |    24 |    33 ||    57
       Dagger            |       |     7 ||     7
 Fire: Hand crossbow     |    34 |    31 ||    65
 Stab: Sleeping          |       |     1 ||     1
  Eat: Chunk             |     8 |     7 ||    15
Armor: Leather armour    |     7 |     6 ||    13
Dodge: Dodged            |    32 |    36 ||    68
